AoeStats
← Joey_did_it

Lombardia

510172739Analyzed
3v3 RM · 2d ago on Sep 29, 2026· 28m 23s· 6 players
Game mode
Random Map
Map size
Normal (6 player)
Population
200
Speed
Normal
Resources
Standard
Victory
Conquest
Starting age
Dark Age
Ending age
Imperial Age
RankedLock teamsTeams togetherTeam positionsShared explorationLock speedFull tech treeHidden civsTurbo modeCheats
Victory
Defeat
🇺🇸 Portuguese · United States
959
+13
🇨🇱 Ethiopians · Chile
897
+15
🇦🇷 Berbers · Argentina
854
+17
🇺🇸 Sicilians · United States
1000
-63
🇺🇸 Spanish · United States
839
-13
🇺🇸 Mongols · United States
817
-12
RagingRaja
12:05 Feudal Age
13:46 Horse Collar
16:51 Castle Age
15:27 Double-Bit Axe
20:34 Bow Saw
20:25 Heavy Plow
21:56 Scale Barding Armor
22:35 Forging
23:54 Loom
31:00 Imperial Age
29:27 Iron Casting
29:13 Chain Barding Armor
Necropulpectomía
0:29 Loom
11:06 Feudal Age
12:39 Wheelbarrow
14:13 Double-Bit Axe
14:12 Horse Collar
18:05 Castle Age
19:12 Hand Cart
19:43 Bow Saw
19:43 Heavy Plow
21:13 Forging
26:23 Gold Mining
31:07 Imperial Age
gustavoar
8:25 Loom
10:36 Feudal Age
11:39 Double-Bit Axe
14:08 Wheelbarrow
16:19 Gold Mining
16:19 Horse Collar
22:22 Castle Age
21:12 Forging
21:15 Bloodlines
21:51 Stone Mining
23:44 Scale Barding Armor
23:56 Bow Saw
24:41 Gold Shaft Mining
27:20 Hand Cart
26:53 Town Watch
29:08 Chain Barding Armor
Joey_did_it
21:53 Feudal Age
Soccorso
0:46 Loom
10:40 Feudal Age
11:57 Wheelbarrow
11:10 Double-Bit Axe
11:19 Horse Collar
12:22 Town Watch
14:40 Gold Mining
14:55 Stone Mining
17:17 Man-at-Arms
22:13 Castle Age
22:50 Forging
22:40 Scale Mail Armor
22:16 Long Swordsman
23:09 Squires
22:55 Arson
23:37 Hand Cart
Brogo
11:18 Feudal Age
14:58 Wheelbarrow
14:26 Horse Collar
14:34 Double-Bit Axe
20:53 Castle Age
21:08 Forging
20:58 Scale Mail Armor
21:07 Scale Barding Armor
21:43 Loom
23:31 Man-at-Arms
23:32 Pikeman
Connection lost

Rejoining the realm…

Still unreachable

The connection could not be restored.

Session expired

The server has moved on; the page needs a fresh start.